 Dungeon Crawl Stone Soup version 0.23-a0-650-ga4d50d4 (console) character file.

385 Duffy the Firebug (level 6, 0/41 HPs)
             Began as a Demonspawn Fire Elementalist on Jan 6, 2019.
             Slain by a black bear (3 damage)
             ... on level 4 of the Dungeon.
             The game lasted 00:04:31 (3487 turns).

Duffy the Firebug (Demonspawn Fire Elementalist)    Turns: 3487, Time: 00:04:32

Health: 0/41       AC:  5    Str:  8    XL:     6   Next: 48%
Magic:  0/12       EV: 11    Int: 18    God:
Gold:   99         SH:  0    Dex: 14    Spells: 5/13 levels left

rFire    + . .     SeeInvis .   (no weapon)
rCold    . . .     Gourm    .   (no shield)
rNeg     . . .     Faith    .   m - +2 leather armour {rF+}
rPois    .         Spirit   .   (no helmet)
rElec    .         Reflect  .   (no cloak)
rCorr    .         Harm     .   (gloves unavailable)
MR       .....                  (no boots)
Stlth    ++........             (no amulet)
HPRegen  0.13/turn              n - ring of flight
MPRegen  0.13/turn              (no ring)

@: lethally poisoned (0 -> -2)
A: claws 3, powered by death 1
a: Evoke Flight


You were on level 4 of the Dungeon.
You were very hungry.

You visited 1 branch of the dungeon, and saw 5 of its levels.

You collected 99 gold pieces.

Inventory:

Armour
 a - a +0 robe
 f - a +0 pair of gloves
 m - a +2 leather armour of fire resistance (worn)
 p - a +1 ring mail of positive energy
Jewellery
 n - a ring of flight (left claw)
Scrolls
 b - a scroll of amnesia
 d - 4 scrolls of identify
 e - a scroll of fear {unknown}
 i - 2 scrolls of enchant armour
 k - a scroll of teleportation
 l - a scroll of remove curse {unknown}
Potions
 g - 2 potions of curing {unknown}
 h - 2 potions of heal wounds {unknown}
 j - 2 potions of brilliance {unknown}
Comestibles
 c - 3 rations


   Skills:
 - Level 1.7 Dodging
 - Level 1.7 Stealth
 + Level 4.0 Spellcasting
 + Level 3.8 Conjurations
 + Level 4.4 Fire Magic


You had 5 spell levels left.
You knew the following spells:

 Your Spells              Type           Power        Failure   Level  Hunger
h - Flame Tongue          Conj/Fire      ###..        3%          1    None
j - Sticky Flame          Conj/Fire      ###.....     36%         4    ####...
l - Conjure Flame         Conj/Fire      ###.....     12%         3    ###....

Your spell library contained the following spells:

 Spells                   Type           Power        Failure   Level  Hunger
 Throw Flame              Conj/Fire      ###...       6%          2    ##.....
 Inner Flame              Hex/Fire       ##......     26%         3    ###....
 Fireball                 Conj/Fire      ###.......   71%         5    ######.


Dungeon Overview and Level Annotations

Branches:
Dungeon (5/15)
 Temple: D:4-7

Altars:

Annotations:
D:4 Duvessa


Innate Abilities, Weirdness & Mutations

You have claws for hands.
You regenerate a little health from kills.


Message History

The flame tongue hits the black bear.
The black bear is almost dead.
You feel sick.
Casting: Flame Tongue (safe; 3% risk of failure)
Confirm with . or Enter, or press ? or * to list all spells.
You don't have enough magic to cast that spell.
Casting: Flame Tongue (safe; 3% risk of failure)
Confirm with . or Enter, or press ? or * to list all spells.
You don't have enough magic to cast that spell.
You barely miss the worm. The worm misses you.
You scratch the worm.
The worm is lightly wounded.
The worm bites you.
The black bear goes berserk!
You barely miss the worm.
The worm is lightly wounded.
You scratch the black bear but do no damage.
The black bear is almost dead.
You feel sick. The black bear bites you! The black bear claws you. x2
The worm bites you. The black bear misses you. The black bear claws you.
You die...

.# .# .# ######## .#
#......# .# #......#
.#
######......#######.#
.....+....>.....h@wZ#
######........#######
# #........# #
...........# #
...........# .
....####.### . ####
#.# .. #.# ..


You could see a black bear (berserk), a worm and a hound skeleton.

Vanquished Creatures
  2 ogres
  A jelly (D:5)
  3 worker ants (D:4)
  A hound skeleton (D:4)
  3 adders
  A shadow imp (D:5)
  An ooze (D:1)
  An adder zombie (D:5)
  2 worms
  A leopard gecko (D:2)
  2 orcs (D:4)
  4 giant cockroaches
  8 goblins
  8 hobgoblins
  A jackal (D:2)
  3 kobolds
  A quokka (D:2)
  11 bats
  A frilled lizard (D:1)
  A quokka skeleton (D:4)
  9 rats
65 creatures vanquished.

Notes
Turn   | Place    | Note
-------+----------+-------------------------------------------
     0 | D:1      | Duffy the Demonspawn Fire Elementalist began the quest for
                  | the Orb.
     0 | D:1      | Reached XP level 1. HP: 13/13 MP: 3/3
   418 | D:1      | Gained mutation: You have sharp fingernails. [demonic
                  | ancestry]
   418 | D:1      | Reached XP level 2. HP: 19/19 MP: 1/5
  1257 | D:2      | Reached XP level 3. HP: 24/24 MP: 4/6
  2169 | D:2      | Gained mutation: You regenerate a little health from kills.
                  | [demonic ancestry]
  2169 | D:2      | Reached XP level 4. HP: 30/30 MP: 6/8
  2416 | D:3      | Learned a level 3 spell: Conjure Flame
  2421 | D:3      | Learned a level 4 spell: Sticky Flame
  2816 | D:4      | Noticed an ogre
  2833 | D:4      | Killed an ogre
  2833 | D:4      | Gained mutation: You have very sharp fingernails. [demonic
                  | ancestry]
  2833 | D:4      | Reached XP level 5. HP: 35/35 MP: 0/10
  3095 | D:4      | Noticed Duvessa
  3125 | D:5      | Entered Level 5 of the Dungeon
  3125 | D:5      | Noticed an ogre
  3136 | D:5      | Gained mutation: You have claws for hands. [demonic
                  | ancestry]
  3136 | D:5      | Reached XP level 6. HP: 27/41 MP: 1/11
  3487 | D:4      | Slain by a black bear

Vault maps used:
D:1:      saegor_arrival_simple_e
D:2:      first_ration, serial_forest, infiniplex_forest_end_1,
          infiniplex_forest_straight_4, infiniplex_forest_straight_1,
          infiniplex_forest_straight_2, infiniplex_forest_corner_1,
          infiniplex_forest_straight_2, infiniplex_forest_clump_medium,
          infiniplex_forest_lined_3
D:3:      lemuel_tele_altar
D:4:      yredelemnul_forgotten_temple_becter, nicolae_overflow_hidden_temple,
          nemelex_altar_shiori, minmay_mini_ossuary, uniq_duvessa, uniq_edmund,
          uniq_robin
D:5:      lemuel_doored_altar, uniq_eustachio

Skill      XL: |  1  2  3  4  5  6 |
---------------+-------------------+-----
Fire Magic     | 3 4 |  4.4
Conjurations   | 2 3 |  3.8
Spellcasting   | 3 4 |  4.0
Dodging        | |  1.7
Stealth        | |  1.7

Action                   |  1- 3 |  4- 6 || total
-------------------------+-------+-------++-------
Melee: Unarmed           |    28 |     5 ||    33
 Cast: Flame Tongue      |    72 |    64 ||   136
       Conjure Flame     |       |     5 ||     5
  Use: Scroll            |       |     4 ||     4
  Eat: Chunk             |     4 |     4 ||     8
Armor: Robe              |    27 |       ||    27
       Leather armour    |       |    17 ||    17
Dodge: Dodged            |    54 |    49 ||   103

Table legend:
 A = Non-vault XP
 B = Vault XP
 C = Vault XP percentage of total XP
 D = Non-vault monster count
 E = Vault monster count
 F = Vault count percentage of total count
                 A         B        C        D         E       F
            +---------+---------+-------+---------+---------+-------
      Total |     551 |       0 |   0.0 |      65 |       0 |   0.0
            +---------+---------+-------+---------+---------+-------
        D:1 |      38 |       0 |   0.0 |      20 |       0 |   0.0
        D:2 |      62 |       0 |   0.0 |      24 |       0 |   0.0
        D:3 |      14 |       0 |   0.0 |       7 |       0 |   0.0
        D:4 |     250 |       0 |   0.0 |       9 |       0 |   0.0
        D:5 |     187 |       0 |   0.0 |       5 |       0 |   0.0
            +---------+---------+-------+---------+---------+-------
